AoeStats
← pelto

Arabian Desert

509919362Analyzed
1v1 RM · 3d ago on Sep 28, 2026· 40m 30s· 2 players
Game mode
Random Map
Map size
Tiny (2 player)
Population
200
Speed
Normal
Resources
Standard
Victory
Conquest
Starting age
Dark Age
Ending age
Imperial Age
RankedLock teamsTeams togetherTeam positionsShared explorationLock speedFull tech treeHidden civsTurbo modeCheats
Victory
Defeat
🇺🇸 Danes · United States
489
+19
🇺🇸 Portuguese · United States
563
-19
pelto
2:55 Loom
11:11 Feudal Age
12:31 Wheelbarrow
22:40 Castle Age
21:06 Town Watch
22:25 Scale Barding Armor
27:51 Chain Barding Armor
29:06 Town Patrol
30:52 Hand Cart
30:53 Murder Holes
31:20 Bloodlines
39:27 Pikeman
deadeyeDad8
13:38 Feudal Age
14:59 Double-Bit Axe
15:40 Loom
24:18 Castle Age
22:24 Gold Mining
22:29 Stone Mining
23:41 Horse Collar
25:28 Scale Mail Armor
25:53 Bow Saw
28:11 Squires
29:18 Chain Mail Armor
29:05 Fletching
33:14 Forging
32:53 Arson
32:29 Pikeman
33:52 Masonry
34:05 Ballistics
Connection lost

Rejoining the realm…

Still unreachable

The connection could not be restored.

Session expired

The server has moved on; the page needs a fresh start.